 Dungeon Crawl Stone Soup version 0.30-a0-965-g42e074c17a (webtiles) character file.

Game seed: 7486726706254737954

298 dialectric the Covert (level 6, -2/30 HPs)
             Began as a Spriggan Brigand on Mar 30, 2023.
             Slain by a wyvern (6 damage)
             ... on level 4 of the Dungeon.
             The game lasted 00:06:47 (3357 turns).

dialectric the Covert (Spriggan Brigand)            Turns: 3357, Time: 00:06:47

Health: -2/30      AC:  3    Str:  7    XL:     6   Next: 13%
Magic:  7/7        EV: 17    Int: 13    God:
Gold:   225        SH:  0    Dex: 18    Spells: 5/5 levels left

rFire   . . .      SeeInvis +    a - +2 dagger
rCold   . . .      Faith    .    (no shield)
rNeg    . . .      Spirit   .    b - +0 robe
rPois   .          Reflect  .    k - +0 hat
rElec   .          Rampage  .    c - +0 cloak
rCorr   .                        (gloves unavailable)
Will    +....                    (boots unavailable)
Stlth   ++++                     (no amulet)
HPRegen 0.25/turn                (no ring)
MPRegen 0.10/turn                (no ring)

@: studying Staves, very quick
A: very small, no large weapons, unfitting armour, see invisible, speed 3
a: no special abilities


You were on level 4 of the Dungeon.
You visited 2 branches of the dungeon, and saw 5 of its levels.

You collected 253 gold pieces.
You spent 28 gold pieces at shops.

Inventory:

Hand Weapons
 a - a +2 dagger (weapon)
 x - a +0 rapier
Missiles
 d - 12 poisoned darts (quivered)
 h - a throwing net
Armour
 b - a +0 robe (worn)
 c - a +0 cloak (worn)
 k - a +0 hat (worn)
Jewellery
 m - an amulet of faith
 y - a +4 ring of protection
Wands
 e - a wand of flame (16)
Scrolls
 f - a scroll of immolation {unknown}
 g - 2 scrolls of poison {unknown}
 i - a scroll of magic mapping {unknown}
 j - 2 scrolls of identify
 l - a scroll of amnesia {unknown}
 n - a scroll of fear {unknown}
 p - a scroll of teleportation {unknown}
 s - 2 scrolls of enchant weapon {unknown}
 w - a scroll of blinking {unknown}
Potions
 o - a potion of haste {unknown}
 q - a potion of heal wounds
 r - a potion of ambrosia
 u - a potion of degeneration {unknown}
 v - a potion of attraction {unknown}
 z - a potion of might {unknown}


   Skills:
 - Level 2.1 Fighting
 + Level 4.3 Short Blades
 - Level 2.0 Throwing
 + Level 2.4 Dodging
 + Level 9.3 Stealth


You had 5 spell levels left.
You didn't know any spells.
Your spell library contained the following spells:

 Spells                   Type           Power      Damage    Failure   Level
 Portal Projectile        Hex/Tloc       0%         N/A       67%         3
 Tukima's Dance           Hex            0%         N/A       67%         3
 Blade Hands              Tmut           0%         N/A       100%        5


Dungeon Overview and Level Annotations

Branches:
Dungeon (4/15)             Temple (1/1) D:4

Altars:
Kikubaaqudgha
Zin

Shops:
D:2 [*[*   D:4 [


Innate Abilities, Weirdness & Mutations

You are very small and have problems with some larger weapons.
You are too small for most types of armour.
You have supernaturally acute eyesight. (SInv)
You cover ground extremely quickly. (Speed+++)


Message History

There is a stone staircase leading up here.
Key pressed, stopping travel.
Unknown command.
No target in view!
There is a stone staircase leading up here.
You see here a ring of see invisible.
A wyvern is nearby!
Throw: dart (curare)
Press: ? - help, Q - select action, (/) - cycle Shift-Dir - straight line, f - wyvern
Aim: a wyvern (wandering, hasn't noticed you, 63% to hit)
You throw a curare-tipped dart. The curare-tipped dart hits the wyvern.
The wyvern is poisoned.
The wyvern convulses.
The wyvern seems to slow down.
The wyvern is heavily wounded.
Unknown command.
Aiming: Throw Flame
Press: ? - help, Shift-Dir - straight line, f/p - wyvern
Aim: a wyvern (heavily wounded, very poisoned, slow, 68% to hit)
The puff of flame hits the wyvern.
The wyvern is severely wounded.
Unknown command.
Unknown command.
Aiming: Throw Flame
Press: ? - help, Shift-Dir - straight line, f/p - wyvern
Aim: a wyvern (severely wounded, very poisoned, slow, 68% to hit)
The puff of flame misses the wyvern.
The wyvern bites you!
Unknown command.
Unknown command.
You hit the wyvern.
The wyvern is almost dead.
You hit the wyvern.
The wyvern is almost dead.
The wyvern bites you!
Ouch! That really hurt!
* * * LOW HITPOINT WARNING * * *
Unknown command.
You hit the wyvern but do no damage.
The wyvern is almost dead.
The wyvern bites you.
You die...

#.#
#.###l#####
#.# #.# #<#
#.# #.#
#.##### #.#
#.# #......
#.# #.#
####### #.#
#.# #.# #.#
#.########.#
#..@l.(....#
############


You could see a wyvern (poisoned, slow).

Vanquished Creatures
  An ogre (D:4)
  Ijyb (D:3)
  An orc wizard (D:3)
  Robin (D:4)
  4 gnolls (D:4)
  3 adders
  2 worms
  A dart slug (D:2)
  8 orcs
  5 endoplasms
  18 goblins
  6 hobgoblins
  5 jackals
  6 ball pythons
  4 bats
  4 frilled lizards
  4 kobolds
  2 rats
76 creatures vanquished.

Notes
Turn   | Place    | Note
-------+----------+-------------------------------------------
     0 | D:1      | dialectric the Spriggan Brigand began the quest for the
                  | Orb.
     0 | D:1      | Reached XP level 1. HP: 10/10 MP: 2/2
    40 | D:1      | Reached skill level 6 in Stealth
   198 | D:1      | Reached XP level 2. HP: 14/14 MP: 3/3
   619 | D:2      | Found Pilo's General Store.
   717 | D:2      | Reached XP level 3. HP: 15/18 MP: 4/4
   783 | D:2      | Found Cumul's Armour Shop.
   803 | D:2      | Found Yratytu's Assorted Antiques.
   817 | D:2      | Reached skill level 7 in Stealth
   838 | D:2      | Bought 2 green potions for 28 gold pieces
   860 | D:2      | Found Oskumuw's Antique Armour Shop.
  1215 | D:3      | Found an ancient bone altar of Kikubaaqudgha.
  1458 | D:4      | Found Dyecebb's Antique Armour Boutique.
  1463 | D:4      | Reached XP level 4. HP: 23/23 MP: 5/5
  1755 | D:4      | Found a glowing silver altar of Zin.
  1756 | D:4      | Noticed an ogre
  1767 | D:4      | Killed an ogre
  1768 | D:4      | Reached skill level 8 in Stealth
  1768 | D:4      | Reached XP level 5. HP: 6/26 MP: 6/6
  1927 | D:4      | Noticed Robin
  2301 | D:4      | Killed Robin
  2507 | D:4      | Found a staircase to the Ecumenical Temple.
  2534 | D:4      | Noticed a wyvern
  2555 | Temple   | Entered the Ecumenical Temple
  2855 | D:3      | Noticed Ijyb
  2870 | D:3      | Killed Ijyb
  2871 | D:3      | Reached skill level 9 in Stealth
  3183 | D:2      | Reached XP level 6. HP: 29/30 MP: 7/7
  3357 | D:4      | Slain by a wyvern

Illustrated notes

Levels and vault maps discovered:
D:1:      dpeg_arrival_long_road, layout_rooms, patterned_corridor
D:2:      layout_rooms, serial_shops, shop, shop, nicolae_shop_trees,
          nicolae_diamond_shop, minmay_misc_feat_secret_circle
D:3:      layout_rooms, nicolae_overflow_hidden_temple,
          chequers_serial_rivers_micro_c, minmay_checkerbox, uniq_ijyb
D:4:      minmay_chambers_of_twos, layout_loops_ring, zin_statuary,
          minmay_temple_entry_junction, serial_shops, shop, uniq_robin
Temple:   minmay_temple_forest_path

Skill      XL: |  1  2  3  4  5 |
---------------+----------------+-----
Stealth        | 6 7 8 9 |  9.3
Fighting       | 2 |  2.1
Short Blades   | 3 4 |  4.3
Dodging        | 2 |  2.4
Throwing       | |  2.0

Action                     |  1- 3 |  4- 6 || total
---------------------------+-------+-------++-------
  Melee: Dagger            |   105 |    83 ||   188
         Punch             |       |     1 ||     1
  Throw: Dart              |       |    50 ||    50
         Throwing net      |       |     1 ||     1
  Evoke: Wand              |       |     2 ||     2
    Use: Potion            |     1 |     1 ||     2
         Scroll            |       |     1 ||     1
   Stab: Sleeping          |    15 |     5 ||    20
         Distracted        |       |     4 ||     4
 Armour: Robe              |    10 |     7 ||    17
  Dodge: Dodged            |    47 |    80 ||   127

Table legend: (Time is in decaauts)
 A = Elapsed time spent in this place.
 B = Non-inter-level travel time spent in this place.
 C = Inter-level travel time spent in this place.
 D = Time resting spent in this place.
 E = Time spent auto-exploring this place.
 F = Levels seen in this place.
 G = Mean time per level.
                   A        B        C        D        E       F      G
               +--------+--------+--------+--------+--------+-----+--------+
         Total |   2313 |   2276 |     37 |    174 |   1384 |   5 |  462.6 |
       Dungeon |   2235 |   2198 |     37 |     99 |   1384 |   4 |  558.8 |
        Temple |     77 |     77 |      0 |     75 |      0 |   1 |   77.0 |
               +--------+--------+--------+--------+--------+-----+--------+

Top non-repeatable levels by time:
     D:4: 875 daAuts
     D:3: 508 daAuts
     D:2: 456 daAuts
     D:1: 394 daAuts
  Temple: 77 daAuts
